 Dungeon Crawl Stone Soup version 0.19-a0-860-g5c370dd (webtiles) character file.

121 Ladykiller69 the Shield-Bearer (level 5, -9/42 HPs)
             Began as a Formicid Fighter on July 2, 2016.
             Killed by nerve-wracking pain
             ... invoked by an orc priest
              (11 damage)
             ... on level 4 of the Dungeon.
             The game lasted 00:04:49 (926 turns).

Ladykiller69 the Shield-Bearer (Formicid Fighter)    Turns: 926, Time: 00:04:50

Health: -9/42      AC:  8    Str: 22    XL:     5   Next: 26%
Magic:  5/5        EV:  8    Int:  7    God:
Gold:   88         SH:  9    Dex: 10    Spells: 0 memorised, 4 levels left

rFire  . . .     SeeInvis +     a - +0 war axe
rCold  . . .     Gourm    .     b - +0 scale mail
rNeg   . . .     Faith    .     c - +0 shield
rPois  .         Spirit   .     (helmet unavailable)
rElec  .         Dismiss  .     (no cloak)
rCorr  .         Reflect  .     (no gloves)
SustAt .         Harm     .     k - +0 pair of boots
MR     .....                    (no amulet)
Stlth  ..........               (no ring)
                                (no ring)

@: flying, not resistant to hostile enchantments, extremely unstealthy
A: permanent stasis, dig shafts and tunnels, four strong arms, antennae 3
a: Dig, Shaft Self


You were on level 4 of the Dungeon.
You were hungry.

You visited 1 branch of the dungeon, and saw 3 of its levels.

You collected 88 gold pieces.

Inventory:

Hand Weapons
 a - a +0 war axe (weapon)
Armour
 b - a +0 scale mail (worn)
 c - a +0 shield (worn)
 k - a +0 pair of boots (worn)
Jewellery
 j - an uncursed ring of see invisible {unknown}
 n - a +4 ring of evasion {unknown}
Wands
 r - a wand of teleportation (6/9)
Scrolls
 e - a scroll of teleportation {unknown}
 h - 2 scrolls of identify {unknown}
 o - a scroll of amnesia {unknown}
 p - a scroll of enchant weapon {unknown}
Potions
 d - a potion of might
 l - a potion of flight
Comestibles
 f - a bread ration
 i - a meat ration
 m - a slice of pizza


   Skills:
 + Level 4.2 Fighting
 + Level 3.1 Axes
 + Level 4.0 Armour
 - Level 0.1 Dodging
 + Level 4.4 Shields


You had 4 spell levels left.
You didn't know any spells.

Dungeon Overview and Level Annotations

Branches:
Dungeon (2/15)

Altars:


Innate Abilities, Weirdness & Mutations

You are under a permanent stasis effect.
You can dig through walls and to a lower floor.
Your four strong arms can wield two-handed weapons with a shield.
You have a pair of large antennae on your head. (SInv)


Message History

You closely miss the orc priest.
The orc priest is heavily wounded.
The orc priest completely misses you.
You closely miss the orc priest.
The orc priest is heavily wounded.
The orc priest misses you.
You closely miss the orc priest.
The orc priest is heavily wounded.
The orc priest mumbles some strange prayers to Beogh against you.
Beogh smites you!
* * * LOW HITPOINT WARNING * * *
You barely miss the orc priest.
The orc priest is heavily wounded.
You block the orc priest's attack.
It was a potion of flight.
You feel very buoyant.
You fly up into the air.
The orc priest mumbles some strange prayers to Beogh against you.
Pain shoots through your body!
You die...

#....# #....#
#(...# #....#
#....# .
#..).####..
#..........
#####{........
#@#{..........
##o##.?......$
####$$.......
#.........
#.........
#.........
#......!..
#.........


You could see an orc priest.

Vanquished Creatures
  2 orc wizards (D:4)
  An iguana (D:4)
  2 adders (D:4)
  5 orcs (D:4)
  3 bats (D:1)
  A giant cockroach (D:1)
  3 hobgoblins (D:1)
  A ball python (D:2)
  3 giant newts
  2 kobolds (D:1)
  A rat (D:1)
24 creatures vanquished.

Notes
Turn   | Place    | Note
-------+----------+-------------------------------------------
     0 | D:1      | Ladykiller69 the Formicid Fighter began the quest for the Orb.
     0 | D:1      | Reached XP level 1. HP: 18/18 MP: 1/1
   427 | D:1      | Reached XP level 2. HP: 21/24 MP: 2/2
   724 | D:2      | You fall through a shaft for 2 floors!
   748 | D:4      | Reached XP level 3. HP: 29/30 MP: 3/3
   829 | D:4      | Reached XP level 4. HP: 35/37 MP: 4/4
   910 | D:4      | Reached XP level 5. HP: 27/42 MP: 5/5
   924 | D:4      | HP: 2/42 [orc priest/divine providence (12)]
   926 | D:4      | Killed from afar by an orc priest

Vault maps used:
D:1:      evilmike_arrival_rings
D:2:      minmay_small_reverse_x, uniq_iyjb
D:4:      minitemple

Skill      XL: |  1  2  3  4 |
---------------+-------------+-----
Shields        | 4 |  4.4
Fighting       | 4 |  4.2
Axes           | 3 |  3.1
Armour         | 4 |  4.0
Dodging        | |  0.1

Action                   |  1- 3 |  4- 6 || total
-------------------------+-------+-------++-------
Melee: War axe           |    84 |    43 ||   127
 Abil: Dig               |     4 |     2 ||     6
  Use: Potion            |       |     2 ||     2
Armor: Scale mail        |    36 |    11 ||    47
Dodge: Dodged            |    32 |    16 ||    48
Block: Shield            |    45 |    18 ||    63
